 Dungeon Crawl Stone Soup version 0.31.0-12-g77e489cdc1 (webtiles) character file.

Game seed: 166885751726080196

28 Curundu the Trooper (level 2, -8/28 HPs)
             Began as a Minotaur Berserker on Feb 19, 2024.
             Was a Follower of Trog.
             Mangled by Sigmund
             ... wielding a +0 scythe
              (9 damage)
             ... on level 2 of the Dungeon.
             The game lasted 00:01:34 (813 turns).

Curundu the Trooper (Minotaur Berserker)             Turns: 813, Time: 00:01:34

Health: -8/28      AC:  2    Str: 21    XL:     2   Next: 96%
Magic:  1/1        EV: 12    Int:  4    God:    Trog [*.....]
Gold:   51         SH:  0    Dex:  9    Spells: 1/1 levels left

rFire   . . .        a - +0 hand axe
rCold   . . .        (no shield)
rNeg    . . .        b - +0 animal skin
rPois   .            (helmet restricted)
rElec   .            (no cloak)
rCorr   .            (no gloves)
SInv    .            (no boots)
Will    .....        (no amulet)
Stlth   +            (no ring)
HPRegen 0.24/turn    (no ring)
MPRegen 0.07/turn

%: no passive effects
@: no status effects
A: horns 2, retaliatory headbutt
a: Renounce Religion, Berserk


You were on level 2 of the Dungeon.
You worshipped Trog.
Trog was aware of your devotion.
You visited 1 branch of the dungeon, and saw 2 of its levels.

You collected 51 gold pieces.

Inventory:

Hand Weapons
 a - a +0 hand axe (weapon)
Armour
 b - a +0 animal skin (worn)
Scrolls
 d - a scroll of identify {unknown}
 e - 2 scrolls of noise {unknown}
 g - a scroll of poison {unknown}
Potions
 c - 2 potions of haste {unknown}
 f - a potion of lignification {unknown}
 h - 2 potions of curing {unknown}


   Skills:
 + Level 4.4 Fighting
 + Level 4.2 Axes
 + Level 2.4 Armour
 + Level 2.4 Dodging


You had one spell level left.
You didn't know any spells.
Your spell library was empty.

Dungeon Overview and Level Annotations

Branches:
Dungeon (2/15)

Altars:

Annotations:
D:2 Sigmund


Innate Abilities, Weirdness & Mutations

You have a pair of horns on your head.
You reflexively headbutt those who attack you in melee.


Message History

Moving in this stuff is going to be slow.
You enter the shallow water.
Moving in this stuff is going to be slow.
You enter the shallow water.
Moving in this stuff is going to be slow.
You open the door.
There is an open door here.
You see here a +0 dagger.
Done exploring.
Done exploring.
Unknown command.
There is a stone staircase leading down here.
You climb downwards.
There is a stone staircase leading up here.
You see here an orb of light.
You see here a +0 mace.
You see here a +0 quarterstaff.
You now have 51 gold pieces (gained 10).
Sigmund the Dreaded comes into view.
He is wielding a +0 scythe.
Found a stone staircase leading up.
Sigmund shouts!
You see here a +0 short sword of venom.
Okay, then.
Sigmund gestures wildly while chanting.
Sigmund flickers and vanishes!
Deactivating autopickup; reactivate with Ctrl-A.
A magic dart appears from out of thin air!
The magic dart hits you!
You hear some strange, mumbled words.
Something tries to affect you, but you resist.
Something hits you. Something hits you!
* * * LOW HITPOINT WARNING * * *
You hit something.
You hear some strange, mumbled words.
A magic dart appears from out of thin air!
The magic dart hits you.
* * * LOW HITPOINT WARNING * * *
You closely miss something. Something hits you!
You die...

#.######......######
#............#
#...##..####.#
#...##..# #...##..#
.....##..#
###.#.##..# #
....##.)####.###
#....@{...#
#...........<#.#
######.####### #.#
#.# #.# ..# #.#


There were no monsters in sight!

Vanquished Creatures
  A dart slug (D:1)
  A ball python (D:1)
  4 endoplasms
  5 goblins
  4 hobgoblins (D:1)
  3 quokkas (D:1)
  2 rats
20 creatures vanquished.

Notes
Turn   | Place    | Note
-------+----------+-------------------------------------------
     0 | D:1      | Curundu the Minotaur Berserker began the quest for the Orb.
     0 | D:1      | Reached XP level 1. HP: 19/19 MP: 0/0
   112 | D:1      | Reached XP level 2. HP: 16/27 MP: 1/1
   216 | D:1      | You fall into a shaft and drop 1 floor!
   487 | D:1      | Found a faded altar of an unknown god.
   805 | D:2      | Noticed Sigmund
   812 | D:2      | HP: 1/28 [something/magic dart (4)]
   813 | D:2      | Mangled by Sigmund

Illustrated notes

Levels and vault maps discovered:
D:1:      elethiomel_arrival_shortcut, layout_basic,
          chequers_ecumenical_altar_island
D:2:      layout_loops_ring, chequers_serial_rivers_small_b, glass_columns_a,
          uniq_sigmund

Skill      XL: |  1  2 |
---------------+-------+-----
Axes           | 4 |  4.2
Fighting       | 4 |  4.4
Armour         | |  2.4
Dodging        | |  2.4

Action                     || total
---------------------------++-------
  Melee: Hand axe          ||    32
         Headbutt          ||     6
 Armour: Animal skin       ||    24
  Dodge: Dodged            ||    21
